 Dungeon Crawl Stone Soup version 0.25.1-2-g60ff931df9 (webtiles) character file.

Game seed: 511374541322444172

114 DogServant the Ducker (level 4, -7/35 HPs)
             Began as a Merfolk Gladiator on Nov 8, 2020.
             Killed by divine providence
             ... invoked by an orc priest
              (13 damage)
             ... on level 5 of the Dungeon.
             The game lasted 00:04:32 (3562 turns).

DogServant the Ducker (Merfolk Gladiator)           Turns: 3562, Time: 00:04:33

Health: -7/35      AC:  6    Str: 21    XL:     4   Next: 98%
Magic:  4/4        EV: 14    Int:  7    God:
Gold:   104        SH:  0    Dex: 15    Spells: 3/3 levels left

rFire    . . .     SeeInvis .   a - +0 long sword
rCold    . . .     Gourm    .   (no shield)
rNeg     . . .     Faith    .   n - +0 ring mail
rPois    .         Spirit   .   c - +0 helmet
rElec    .         Reflect  .   (no cloak)
rCorr    +         Harm     .   (no gloves)
MR       .....                  (no boots)
Stlth    +.........             (no amulet)
HPRegen  0.11/turn              i - +6 ring of strength
MPRegen  0.09/turn              k - ring of resist corrosion

@: about to teleport
A: change form in water, swift swim, stealthy swim
a: no special abilities


You were on level 5 of the Dungeon.
You were very hungry.

You visited 1 branch of the dungeon, and saw 5 of its levels.
You also visited: Sewer.

You collected 104 gold pieces.

Inventory:

Hand Weapons
 a - a +0 long sword (weapon)
Armour
 b - a +0 leather armour
 c - a +0 helmet (worn)
 m - a +0 buckler
 n - a +0 ring mail (worn)
Jewellery
 i - a +6 ring of strength (left hand)
 k - a ring of resist corrosion (right hand)
Scrolls
 h - 3 scrolls of teleportation
 j - a scroll of blinking {unknown}
Potions
 e - 3 potions of curing
 g - a potion of invisibility {unknown}
 l - a potion of lignification {unknown}
 o - 4 potions of flight {unknown}
 p - a potion of stabbing {unknown}
 q - a potion of brilliance {unknown}
 r - 2 potions of degeneration {unknown}
Comestibles
 f - 3 rations


   Skills:
 + Level 3.2 Fighting
 + Level 4.8 Long Blades
 - Level 2.0 Throwing
 - Level 5.1 Dodging


You had 3 spell levels left.
You didn't know any spells.
Your spell library was empty.

Dungeon Overview and Level Annotations

Branches:
Dungeon (6/15)             Temple (0/1) D:6           Sewer (visited)

Altars:


Message History

The orc priest mumbles some strange prayers to Beogh against you.
Beogh smites you!
An orc wizard comes into view. It is wielding a +0 dagger.
You barely miss the orc priest.
The orc priest hits you but does no damage.
You closely miss the orc priest.
The orc priest hits you but does no damage.
You closely miss the orc priest.
The orc priest mumbles some strange prayers to Beogh against you.
Beogh smites you!
Okay, then.
As you read the scroll of teleportation, it crumbles to dust.
You feel strangely unstable.
The orc priest hits you with a +0 hand axe.
* * * LOW HITPOINT WARNING * * *
You hit the orc priest but do no damage.
The orc priest hits you but does no damage.
The orc priest calls down the wrath of Beogh upon you.
Beogh smites you!
You die...

.# #.# .# #.# .# #O#
.# #.# .# #.# .# #.#
.# #.#
.#################.##
...........ooooo@O..#
#####################


You could see an ogre, 2 orc priests, an orc wizard and 2 orcs.

Vanquished Creatures
  A sky beast (D:6)
  3 oozes
  7 worms
  A dart slug (D:1)
  4 leopard geckos
  3 ball pythons
  10 bats
  4 giant cockroaches
  2 goblins
  8 hobgoblins
  4 jackals (Sewer)
  4 kobolds
  A quokka (D:2)
  7 frilled lizards
  6 rats
65 creatures vanquished.

Vanquished Creatures (others)
  An ogre (D:6)
  A bullfrog (D:6)
  A hound (D:6)
  An orc wizard (D:6)
  A worm (D:6)
  A leopard gecko zombie (D:6)
6 creatures vanquished.

Grand Total: 71 creatures vanquished

Notes
Turn   | Place    | Note
-------+----------+-------------------------------------------
     0 | D:1      | DogServant the Merfolk Gladiator began the quest for the
                  | Orb.
     0 | D:1      | Reached XP level 1. HP: 16/16 MP: 1/1
   281 | D:1      | Reached XP level 2. HP: 22/22 MP: 2/2
   423 | D:1      | Reached XP level 3. HP: 27/27 MP: 3/3
  1071 | D:2      | Reached skill level 5 in Dodging
  2107 | D:3      | You fall into a shaft and drop 3 floors!
  2112 | D:6      | Killed a bullfrog
  2112 | D:6      | Killed an ogre
  2123 | D:6      | Found a staircase to the Ecumenical Temple.
  2131 | D:6      | Noticed a centaur
  2138 | D:6      | Noticed a kobold demonologist
  2145 | D:6      | Noticed a sky beast
  2145 | D:6      | Noticed a bullfrog
  2146 | D:6      | Killed a sky beast
  2146 | D:6      | Reached XP level 4. HP: 21/34 MP: 4/4
  2152 | D:5      | Entered Level 5 of the Dungeon
  2311 | D:5      | Found a glowing drain.
  2327 | Sewer    | Entered a sewer
  3102 | D:5      | Noticed an ogre
  3130 | D:5      | HP: 1/35 [ogre/+0 giant spiked club (15)]
  3562 | D:5      | Killed from afar by an orc priest

Illustrated notes

Levels and vault maps discovered:
D:1:      saegor_arrival_simple_c, layout_loops_ring, minmay_tromino_i2
D:2:      layout_basic, nrook_uturn, grunt_decor_clamped
D:3:      layout_basic
D:5:      layout_basic, first_ration, cheibrodos_sewer_entry_drain
D:6:      layout_gridville, minitemple, xom_confusion_cloud,
          minmay_temple_entry_glass, minmay_microvault, uniq_maggie,
          uniq_grinder

Skill      XL: |  1  2  3  4 |
---------------+-------------+-----
Long Blades    | 4 |  4.8
Dodging        | 5 |  5.1
Fighting       | 3 |  3.2
Throwing       | |  2.0

Action                   |  1- 3 |  4- 6 || total
-------------------------+-------+-------++-------
Melee: Long sword        |    78 |    86 ||   164
       Tailslap          |       |     9 ||     9
Throw: Throwing net      |     3 |       ||     3
  Use: Scroll            |     2 |     4 ||     6
  Eat: Chunk             |     3 |     4 ||     7
Armor: Leather armour    |     9 |       ||     9
       Ring mail         |     6 |    31 ||    37
Dodge: Dodged            |    65 |    71 ||   136
       Rpst.: Long sword |    15 |    27 ||    42
